 Dungeon Crawl Stone Soup version 0.25.1-2-g60ff931df9 (webtiles) character file.

Game seed: 2640138381954741692

28 Exodus22XD the Poker (level 3, 28/28 HPs)
             Began as a Demonspawn Gladiator on Nov 8, 2020.
             Quit the game on level 1 of the Dungeon.
             The game lasted 00:01:09 (808 turns).

Exodus22XD the Poker (Demonspawn Gladiator)          Turns: 808, Time: 00:01:09

Health: 28/28      AC:  4    Str: 15    XL:     3   Next: 0%
Magic:  3/3        EV: 13    Int:  9    God:
Gold:   41         SH:  0    Dex: 14    Spells: 2/2 levels left

rFire    . . .     SeeInvis .   a - +0 trident
rCold    . . .     Gourm    .   (no shield)
rNeg     . . .     Faith    .   b - +0 leather armour
rPois    .         Spirit   .   c - +0 helmet
rElec    .         Reflect  .   (no cloak)
rCorr    .         Harm     .   (no gloves)
MR       .....                  (no boots)
Stlth    +.........             (no amulet)
HPRegen  0.09/turn              (no ring)
MPRegen  0.08/turn              (no ring)

@: no status effects
A: hooves 1, rot immunity
a: no special abilities


You were on level 1 of the Dungeon.
You were not hungry.

You visited 1 branch of the dungeon, and saw 1 of its levels.

You collected 41 gold pieces.

Inventory:

Hand Weapons
 a - a +0 trident (weapon)
Missiles
 d - 3 throwing nets (quivered)
Armour
 b - a +0 leather armour (worn)
 c - a +0 helmet (worn)
Jewellery
 k - an uncursed ring of protection from fire {unknown}
Scrolls
 e - a scroll of enchant armour {unknown}
 g - a scroll of enchant weapon {unknown}
 h - a scroll of immolation {unknown}
 i - 3 scrolls of identify {unknown}
 j - a scroll of remove curse {unknown}
Comestibles
 f - 3 rations
 l - 5 chunks of flesh


   Skills:
 + Level 2.4 Fighting
 + Level 3.3 Polearms
 - Level 1.7 Throwing
 + Level 2.9 Dodging


You had 2 spell levels left.
You didn't know any spells.
Your spell library was empty.

Dungeon Overview and Level Annotations

Branches:
Dungeon (1/15)

Altars:


Innate Abilities, Weirdness & Mutations

You have large cloven feet.
You are immune to rotting.


Message History

A bat is nearby!
You barely miss the bat. You kick the bat, but do no damage.
The bat is severely wounded.
The bat hits you but does no damage.
A bat is nearby!
You barely miss the bat.
The bat is severely wounded.
The bat misses you.
A bat is nearby!
Attack whom?
Press: ? - help, Dir - move target cursor, f - bat
Aim: a bat (severely wounded)
You reach to attack!
You hit the bat.
You kill the bat!
You have reached level 3!
Your experience leads to an increase in your attributes!
Increase (S)trength, (I)ntelligence, or (D)exterity?
You feel stronger.
Your demonic ancestry asserts itself...
You feel immune to rotting.
Are you sure you want to abandon this character and quit the game? (Confirm with "yes".)

#...........# #.#...
#...........# #.##.#
#..........## #.##.#
#..........####.##..
#...................
#........).#########
#........#.#########
###....###..........
#@..####.#########
#..................
#.......##..########
#.......###..##
#.......###...######
##.....###.........#
....... #.........#
.......##..........
#..........


There were no monsters in sight!

Vanquished Creatures
  A dart slug (D:1)
  A leopard gecko (D:1)
  A ball python (D:1)
  4 goblins (D:1)
  5 hobgoblins (D:1)
  3 kobolds (D:1)
  4 bats (D:1)
  A frilled lizard (D:1)
  3 rats (D:1)
23 creatures vanquished.

Notes
Turn   | Place    | Note
-------+----------+-------------------------------------------
     0 | D:1      | Exodus22XD the Demonspawn Gladiator began the quest for the
                  | Orb.
     0 | D:1      | Reached XP level 1. HP: 16/16 MP: 1/1
    82 | D:1      | Reached skill level 3 in Polearms
    87 | D:1      | Gained mutation: You have large cloven feet. [demonic
                  | ancestry]
    87 | D:1      | Reached XP level 2. HP: 18/22 MP: 2/2
   807 | D:1      | Gained mutation: You are immune to rotting. [demonic
                  | ancestry]
   807 | D:1      | Reached XP level 3. HP: 28/28 MP: 3/3
   808 | D:1      | Quit the game

Illustrated notes

Levels and vault maps discovered:
D:1:      nzn_arrival_settlement, layout_rooms, minmay_tripent

Skill      XL: |  1 |
---------------+----+-----
Polearms       | 3 |  3.3
Fighting       | |  2.4
Throwing       | |  1.7
Dodging        | |  2.9

Action                   || total
-------------------------++-------
Melee: Trident           ||    65
       Kick              ||     6
 Stab: Sleeping          ||     1
Armor: Leather armour    ||    15
Dodge: Dodged            ||    28
